 Dungeon Crawl Stone Soup version 0.28-a0-620-g539b0f7ac7 (webtiles) character file.

Game seed: 10244763973046871138

513 Rennog the Skirmisher (level 7, -6/53 HPs)
             Began as a Djinni Fire Elementalist on Oct 6, 2021.
             Mangled by a killer bee (7 damage)
             ... on level 5 of the Dungeon.
             The game lasted 00:05:32 (4978 turns).

Rennog the Skirmisher (Djinni Fire Elementalist)    Turns: 4978, Time: 00:05:33

Health: -6/53      AC:  2    Str:  7    XL:     7   Next: 43%
Gold:   131        EV: 13    Int: 18    God:
                   SH:  0    Dex: 14

rFire   + + .      SeeInvis .   h - +1 short sword (protect)
rCold   x . .      Faith    .   (no shield)
rNeg    . . .      Spirit   .   a - +0 robe
rPois   ∞          Reflect  .   (no helmet)
rElec   .          Harm     .   (no cloak)
rCorr   .          Rampage  .   (no gloves)
Will    .....                   (boots unavailable)
Stlth   ++........              (no amulet)
HPRegen 0.17/turn               (no ring)
MPRegen 0.00/turn               (no ring)

@: flying
A: sickness immunity, fire resistance 2, cold vulnerability 1, float, innate
caster, hp casting, extra vitality 1
a: no special abilities


You were on level 5 of the Dungeon.
You visited 1 branch of the dungeon, and saw 5 of its levels.

You collected 131 gold pieces.

Inventory:

Hand Weapons
 h - a +1 short sword of protection (weapon)
Armour
 a - a +0 robe (worn)
Wands
 o - a wand of digging (4)
Scrolls
 b - 2 scrolls of teleportation
 c - 2 scrolls of identify
 f - a scroll of vulnerability
 j - 2 scrolls of blinking
 l - 2 scrolls of enchant armour {unknown}
 m - a scroll of holy word {unknown}
 n - a scroll of magic mapping {unknown}
Potions
 d - 2 potions of degeneration {unknown}
 e - 2 potions of might
 g - a potion of flight {unknown}
 i - 5 potions of curing {unknown}
 k - a potion of lignification {unknown}


   Skills:
 * Level 4.4 Fighting
 + Level 4.1 Dodging
 - Level 1.5 Stealth
 * Level 4.3 Spellcasting


You couldn't memorise any spells.
You knew the following spells:

 Your Spells              Type           Power      Damage    Failure   Level
a - Foxfire               Conj/Fire      76%        2x1d7     2%          1
b - Scorch                Fire           38%        2d6       3%          2
c - Conjure Flame         Conj/Fire      19%        6-21      8%          3
d - Inner Flame           Hex/Fire       19%        N/A       8%          3
e - Flame Wave            Conj/Fire      19%        3d5       24%         4
f - Magic Dart            Conj           76%        1d6       2%          1
g - Ensorcelled Hibernat  Hex/Ice        38%        N/A       3%          2
h - Call Canine Familiar  Summ           19%        N/A       8%          3
Your spell library was empty.

Dungeon Overview and Level Annotations

Branches:
Dungeon (5/15)
 Temple: D:4-7

Altars:
Ashenzari
Fedhas
Kikubaaqudgha
Nemelex Xobeh
Okawaru
Ru

Shops:
D:4 *


Innate Abilities, Weirdness & Mutations

You are immune to sickness and miasma.
You are immune to poison.
Your flesh is very heat resistant. (rF++)
You are vulnerable to cold. (rC-)
You float through the air rather than walking.
You learn spells naturally, not from books.
Your magical power is your life essence.
You have superior vitality. (+4 HP)


Message History

The killer bee closely misses you.
The killer bee closely misses your hound.
Your hound bites the killer bee.
The killer bee dies!
The killer bee closely misses you. The killer bee stings you!
* * * LOW HITPOINT WARNING * * *
You are too injured to fight recklessly!
Casting: Scorch (safe; 3% risk of failure)
Confirm with . or Enter, or press ? or * to list all spells.
You conjure some foxfire!
* * * LOW HITPOINT WARNING * * *
The killer bee misses you.
Your hound closely misses the killer bee.
The killer bee misses you.
Your foxfire dissipates!
The foxfire hits the killer bee!
The killer bee is heavily wounded.
Casting: Foxfire (safe; 2% risk of failure)
Confirm with . or Enter, or press ? or * to list all spells.
You conjure some foxfire!
* * * LOW HITPOINT WARNING * * *
The killer bee stings you.
* * * LOW HITPOINT WARNING * * *
A killer bee comes into view.
Your hound closely misses the killer bee.
The killer bee stings you but does no damage.
Your hound closely misses the killer bee.
Your foxfire dissipates!
The foxfire hits the killer bee.
The killer bee is severely wounded.
The killer bee stings you but does no damage.
You miss the killer bee.
The killer bee is severely wounded.
The killer bee stings you but does no damage.
Your hound closely misses the killer bee.
The killer bee stings you.
* * * LOW HITPOINT WARNING * * *
Your hound closely misses the killer bee.
The killer bee stings you!
You die...

#.......# #
#.......###
#.######...
#.# #... #.#
#... #.#
#... #.#
#...
##########.#
....
#.y@.......#
.####
#h##########
#. #.# # #.
#.# #y #.#
#! #.# #.
#y# #. #†#
#y #.#


You could see a killer bee (ally target) and a friendly hound (summoned,
poisoned).

Vanquished Creatures
  A black bear (D:4)
  An ogre (D:4)
  A scorpion (D:4)
  A killer bee (D:5)
  A hound (D:3)
  A jelly (D:4)
  Natasha (D:2)
  An iguana (D:3)
  2 hound skeletons (D:4)
  An adder (D:2)
  A worm (D:4)
  3 bats (D:1)
  6 endoplasms
  3 giant cockroaches
  3 goblins
  5 hobgoblins
  3 kobolds
  2 quokkas
  7 ball pythons
  4 frilled lizards
  6 rats
54 creatures vanquished.

Vanquished Creatures (collateral kills)
  A killer bee (D:5)
1 creature vanquished.

Vanquished Creatures (others)
  248 foxfires
248 creatures vanquished.

Grand Total: 303 creatures vanquished

Notes
Turn   | Place    | Note
-------+----------+-------------------------------------------
     0 | D:1      | Rennog the Djinni Fire Elementalist began the quest for the
                  | Orb.
     0 | D:1      | Reached XP level 1. HP: 15/15 MP: 0/0
   270 | D:1      | Reached XP level 2. HP: 15/22 MP: 0/0
   442 | D:1      | Reached skill level 1 in Fighting
   939 | D:1      | Found a faded altar of an unknown god.
  1294 | D:1      | Reached XP level 3. HP: 24/27 MP: 0/0
  1294 | D:1      | Learned a level 1 spell: Magic Dart
  2158 | D:2      | Noticed Natasha
  2165 | D:2      | Killed Natasha
  2166 | D:2      | Reached XP level 4. HP: 26/33 MP: 0/0
  2881 | D:3      | Found an iron altar of Okawaru.
  3022 | D:3      | Found a blossoming altar of Fedhas.
  3022 | D:3      | Found a sacrificial altar of Ru.
  3023 | D:3      | Found a broken altar of Ashenzari.
  3024 | D:3      | Found a sparkling altar of Nemelex Xobeh.
  3640 | D:3      | Reached XP level 5. HP: 5/39 MP: 0/0
  3640 | D:3      | Learned a level 2 spell: Ensorcelled Hibernation
  4134 | D:4      | Noticed a black bear
  4270 | D:4      | Reached XP level 6. HP: 35/46 MP: 0/0
  4273 | D:4      | Noticed an ogre
  4438 | D:4      | Killed an ogre
  4493 | D:4      | Found Meogiluq's Neck Hole.
  4783 | D:4      | Killed a black bear
  4784 | D:4      | Reached XP level 7. HP: 46/52 MP: 0/0
  4784 | D:4      | Learned a level 3 spell: Call Canine Familiar
  4904 | D:5      | Entered Level 5 of the Dungeon
  4978 | D:5      | HP: 1/53 [killer bee (5)]
  4978 | D:5      | Mangled by a killer bee

Illustrated notes

Levels and vault maps discovered:
D:1:      noname_arrival_rooms_in_the_neighbourhood, layout_rooms,
          shapermc_ecumenical_altar_flowoftime
D:2:      layout_basic, uniq_natasha
D:3:      layout_loops_corners, mainiacjoe_overflow_catwalk,
          grunt_temple_overflow_open
D:4:      layout_rooms, grunt_decor_arrowhead, nicolae_shop_sticking_my_neck_out
D:5:      layout_basic, mainiacjoe_overflow_alcove_1,
          minmay_temple_entry_overgrown, st_stairs_6, uniq_ijyb

Skill      XL: |  1  2  3  4  5  6  7 |
---------------+----------------------+-----
Fighting       | 1 2 3 4 |  4.4
Spellcasting   | 3 4 |  4.3
Dodging        | 3 4 |  4.1
Stealth        | |  1.5

Action                   |  1- 3 |  4- 6 |  7- 9 || total
-------------------------+-------+-------+-------++-------
Melee: Short sword       |       |    11 |     1 ||    12
 Cast: Foxfire           |   103 |    45 |     2 ||   150
       Scorch            |       |    25 |     5 ||    30
       Call Canine Famil |       |       |     2 ||     2
  Use: Potion            |       |     1 |       ||     1
       Scroll            |       |     3 |       ||     3
Armor: Robe              |       |    10 |     4 ||    14
Dodge: Dodged            |     1 |    23 |     9 ||    33

Table legend: (Time is in decaauts)
 A = Elapsed time spent in this place.
 B = Non-inter-level travel time spent in this place.
 C = Inter-level travel time spent in this place.
 D = Time resting spent in this place.
 E = Time spent auto-exploring this place.
 F = Levels seen in this place.
 G = Mean time per level.
                   A        B        C        D        E       F      G
               +--------+--------+--------+--------+--------+-----+--------+
         Total |   4979 |   4787 |    192 |    276 |   4094 |   5 |  995.8 |
       Dungeon |   4979 |   4787 |    192 |    276 |   4094 |   5 |  995.8 |
               +--------+--------+--------+--------+--------+-----+--------+

Top non-repeatable levels by time:
     D:1: 1586 daAuts
     D:3: 1272 daAuts
     D:2: 1183 daAuts
     D:4: 863 daAuts
     D:5: 73 daAuts
